 Dungeon Crawl Stone Soup version 0.17.1-2-g5865329 (webtiles) character file.

128 ololoev the Chopper (level 4, 28/35 HPs)
             Began as a Demonspawn Fighter on Feb 16, 2016.
             Quit the game on level 6 of the Dungeon.
             The game lasted 00:04:04 (549 turns).

ololoev the Chopper (Demonspawn Fighter)             Turns: 549, Time: 00:04:05

Health: 28/35      AC:  9    Str: 17    XL:     4   Next: 86%
Magic:  4/4        EV:  6    Int:  9    God:
Gold:   72         SH:  8    Dex: 13    Spells: 0 memorised, 3 levels left

rFire  + . .     SeeInvis .     a - +0 war axe
rCold  . . .     Clarity  .     b - +0 scale mail
rNeg   . . .     SustAt   .     c - +0 shield
rPois  .         Gourm    .     (helmet restricted)
rElec  .         Spirit   +     q - +0 cloak (curse)
rCorr  .         Warding  .     (no gloves)
rMut   .         Stasis   .     g - +0 pair of boots
MR     .....                    o - amulet of guardian spirit
Stlth  +.........               (no ring)
                                n - ring of protection from fire

@: not resistant to hostile enchantments, very unstealthy
A: antennae 1, nightstalker 1
a: no special abilities


Innate Abilities, Weirdness & Mutations

You have a pair of small antennae on your head.
You are slightly more attuned to the shadows.

Inventory:

Hand Weapons
 a - a +0 war axe (weapon)
Armour
 b - a +0 scale mail (worn)
 c - a +0 shield (worn)
 g - a +0 pair of boots (worn)
 q - a cursed +0 cloak (worn)
Jewellery
 n - a ring of protection from fire (left hand)
 o - an amulet of guardian spirit (around neck)
Scrolls
 f - 3 scrolls of immolation {unknown}
 h - 3 scrolls of teleportation {unknown}
 i - a scroll of enchant armour {unknown}
 j - 3 scrolls of identify {unknown}
 k - a scroll of random uselessness {unknown}
Potions
 d - a potion of might
 l - a potion of agility
Comestibles
 e - a bread ration
 p - a fruit


   Skills:
 - Level 3.0 Fighting
 * Level 4.0 Axes
 + Level 3.5 Armour
 - Level 2.6 Shields


You had 3 spell levels left.
You didn't know any spells.


You were on level 6 of the Dungeon.
You were not hungry.

You visited 1 branch of the dungeon, and saw 6 of its levels.

You collected 72 gold pieces.

#### ######### #...##
........# ##.....#
#.....#.########.......
.......................
............(.(.@).....
#<....#####.((#..S.....
............###.......#
..#..8..#...# #........
..##..)##...###.....#..
..#######..............
..##...##.........#.$#
..#..8..#...#....
............#.#.#

Notes
Turn   | Place    | Note
--------------------------------------------------------------
     0 | D:1      | ololoev the Demonspawn Fighter began the quest for the Orb.
     0 | D:1      | Reached XP level 1. HP: 18/18 MP: 1/1
   130 | D:1      | Gained mutation: You are slightly more attuned to the shadows. [demonic ancestry]
   130 | D:1      | Reached XP level 2. HP: 24/24 MP: 2/2
   323 | D:3      | Found a shadowy altar of Dithmenos.
   413 | D:4      | Reached XP level 3. HP: 13/29 MP: 0/3
   468 | D:5      | Entered Level 5 of the Dungeon
   541 | D:6      | Noticed a centaur
   548 | D:6      | Killed a centaur
   548 | D:6      | Reached skill level 4 in Axes
   548 | D:6      | Gained mutation: You have a pair of small antennae on your head. [demonic ancestry]
   548 | D:6      | Reached XP level 4. HP: 28/35 MP: 4/4
   549 | D:6      | Quit the game

Dungeon Overview and Level Annotations

Branches:
Dungeon (6/15)
 Temple: D:4-7

Altars:
Dithmenos


Message History

j - 3 scrolls labeled BIBUWE YKHLU (gained 1)
k - a scroll labeled HAKHAR MURAA
h - 3 scrolls labeled YTAUKACLAS (gained 1)
A centaur comes into view.
The centaur wields a shortbow.
The centaur shoots an arrow.
You block the arrow.
You see here an arrow.
The centaur shoots an arrow.
You block the arrow.
The centaur shoots an arrow.
The arrow hits you but does no damage.
You see here 2 arrows.
The centaur shoots an arrow.
You block the arrow.
Found 5 gold pieces.
An adder comes into view.
You see here an arrow.
The centaur unwields an uncursed shortbow.
The centaur hits you but does no damage.
The centaur hits you.
You hit the centaur.
The centaur is lightly wounded.
You barely miss the adder. You block the adder's attack.
The centaur barely misses you. The adder bites you but does no damage.
The centaur closely misses you.
Unknown command.
You slash the centaur!
The centaur is severely wounded.
You hit the adder but do no damage. The adder bites you.
The centaur closely misses you. The adder barely misses you.
The centaur hits you but does no damage.
Unknown command.
You slash the centaur!
You kill the centaur!
Your Axes skill increases to level 4!
You have reached level 4!
You feel agile.
You feel monstrous as your demonic heritage exerts itself.
Your demonic ancestry asserts itself...
A pair of antennae grows on your head!
You miss the adder. The adder completely misses you.
You block the adder's attack.
Are you sure you want to abandon this character and quit the game? (Confirm with "yes".)

You could see an adder.

Vanquished Creatures
  A centaur (D:6)
  A worker ant (D:4)
  An adder (D:4)
  A worm (D:3)
  An orc (D:4)
  2 goblins
  A hobgoblin (D:2)
  A ball python (D:1)
  4 bats
  2 giant cockroaches
  A giant newt (D:1)
  A quokka (D:3)
  5 rats
22 creatures vanquished.

Action                   |  1- 3 |  4- 6 || total
-------------------------+-------+-------++-------
Melee: War axe           |    55 |       ||    55
  Use: Potion            |     5 |       ||     5

Vault maps used:
D:1:      onia_arrival_handbag, minmay_misc_feat_plants, minmay_misc_feat_doors,
          minmay_box_of_dots
D:2:      first_bread, uniq_sigmund
D:3:      lemuel_doored_altar
D:4:      minmay_temple_entry_enclosed_plants
D:5:      overflow_temple_1_default, serial_shops, shop, uniq_pikel,
          uniq_edmund, uniq_grinder
D:6:      evilmike_ruin_ashenzari, minitemple, mrwooster_statue_mirror,
          kennysheep_generic_room_15
